 Dungeon Crawl Stone Soup version 0.29.1-12-g30fa7ad0bf (webtiles) character file.

Game seed: 11804478850853552183

344 FaviusArthum the Grave Robber (level 6, -1/32 HPs)
             Began as a Deep Elf Necromancer on Jan 7, 2023.
             Slain by a gnoll
             ... wielding a +0 club
             ... led by a gnoll bouda
              (5 damage)
             ... on level 4 of the Dungeon.
             The game lasted 00:18:37 (3769 turns).

FaviusArthum the Grave Robber (DENe)                Turns: 3769, Time: 00:18:37

Health: -1/32      AC:  3    Str:  5    XL:     6   Next: 31%
Magic:  6/17       EV: 12    Int: 22    God:
Gold:   118        SH:  0    Dex: 15    Spells: 9/18 levels left

rFire   . . .      SeeInvis .   o - staff of cold
rCold   + . .      Faith    .   (no shield)
rNeg    . . .      Spirit   .   a - +1 robe
rPois   .          Reflect  .   (no helmet)
rElec   .          Harm     .   (no cloak)
rCorr   .          Rampage  .   (no gloves)
Will    .....                   (no boots)
Stlth   ++........              (no amulet)
HPRegen 0.10/turn               (no ring)
MPRegen 0.15/turn               (no ring)

@: no status effects
A: no striking features
a: no special abilities


You were on level 4 of the Dungeon.
You visited 1 branch of the dungeon, and saw 4 of its levels.

You collected 118 gold pieces.

Inventory:

Hand Weapons
 d - a +0 short sword
 x - a +0 scythe
 y - a +3 whip of venom
 A - a +1 trident of venom
Armour
 a - a +1 robe (worn)
 u - a +0 chain mail
 v - a +0 ring mail
Magical Staves
 o - a staff of cold (weapon)
 q - a staff of air
Jewellery
 k - a ring of fire
 m - a ring of fire
 w - a +4 ring of evasion
Wands
 s - a wand of paralysis (12)
Scrolls
 e - a scroll of immolation
 f - a scroll of amnesia
 j - a scroll of poison
 n - a scroll of identify
 p - 2 scrolls of blinking
Potions
 b - a potion of magic
 c - 2 potions of attraction {unknown}
 g - 2 potions of curing
 h - 2 potions of haste {unknown}
 i - 2 potions of heal wounds {unknown}
 t - a potion of berserk rage {unknown}
 z - a potion of mutation {unknown}


   Skills:
 + Level 2.5 Dodging
 + Level 3.0 Stealth
 + Level 6.6 Spellcasting
 + Level 7.1 Necromancy


You had 9 spell levels left.
You knew the following spells:

 Your Spells              Type           Power      Damage    Failure   Level
a - Necrotise             Necr           100%       1d9       1%          1
b - Vampiric Draining     Necr           38%        2d8       1%          3
c - Passwall              Tmut/Erth      5%         N/A       13%         2
d - Gell's Gravitas       Tloc           7%         N/A       26%         3

Your spell library contained the following spells:

 Spells                   Type           Power      Damage    Failure   Level
 Animate Dead             Necr           38%        N/A       4%          4
 Ensorcelled Hibernation  Hex/Ice        22%        N/A       13%         2
 Agony                    Necr           38%        N/A       13%         5
 Lesser Beckoning         Tloc           7%         N/A       26%         3
 Swiftness                Air            7%         N/A       26%         3
 Teleport Other           Tloc           7%         N/A       26%         3


Dungeon Overview and Level Annotations

Branches:
Dungeon (4/15)
 Temple: D:4-7

Altars:
Elyvilon
Nemelex Xobeh
Okawaru
Qazlal
Ru
Trog


Message History

Confirm with . or Enter, or press ? or * to list all spells.
Aiming: Necrotise (safe; 1% risk of failure)
Press: ? - help, Shift-Dir - straight line, f - scorpion
Aim: a scorpion (moderately wounded, chance to affect: 83%)
The scorpion barely resists.
You feel sick.
You are no longer poisoned.
The ufetubus completely misses you. The ufetubus barely misses you.
The scorpion closely misses you.
The ufetubus hits you but does no damage.
The ufetubus closely misses you. The scorpion stings you.
* * * LOW HITPOINT WARNING * * *
You feel better. The ufetubus barely misses you.
The ufetubus closely misses you. The scorpion stings you.
A gnoll comes into view. It is wielding a +0 spear.
The scorpion attacks as you move away! The scorpion stings you.
* * * LOW HITPOINT WARNING * * *
The ufetubus closely misses you. The ufetubus barely misses you.
You feel better. The ufetubus closely misses you.
The ufetubus barely misses you. The ufetubus attacks as you move away!
The ufetubus hits you.
* * * LOW HITPOINT WARNING * * *
The ufetubus hits you but does no damage.
The ufetubus closely misses you. x2
You feel better. The ufetubus barely misses you.
The ufetubus closely misses you.
The scorpion stings you but does no damage.
The ufetubus attacks as you move away! The ufetubus misses you.
The ufetubus hits you. The ufetubus misses you.
The ufetubus closely misses you. The scorpion attacks as you move away!
The scorpion stings you. The ufetubus attacks as you move away!
The ufetubus hits you.
* * * LOW HITPOINT WARNING * * *
The ufetubus barely misses you. The gnoll barely misses you.
There is a stone staircase leading up here.
The ufetubus hits you.
* * * LOW HITPOINT WARNING * * *
The ufetubus hits you.
* * * LOW HITPOINT WARNING * * *
The scorpion completely misses you. The gnoll hits you with a +0 club.
You die...

### #.# ##.#####
##.@....## ...
#.s5gn...## #g..g
##........##....#
#...............#
#....#..........#
#................
#..)...##.†.........
#....)###.....g..._.
#..............._...


You could see a necrophage, a scorpion, a gnoll and an ufetubus.

Vanquished Creatures
  Sigmund (D:3)
  A hound (D:4)
  Jessica (D:3)
  3 gnolls (D:3)
  5 adders
  A worm (D:2)
  A dart slug (D:3)
  An orc (D:3)
  6 ball pythons
  4 bats
  3 endoplasms (D:1)
  4 giant cockroaches
  10 goblins
  A hobgoblin (D:2)
  3 jackals (D:3)
  2 quokkas
  6 kobolds
  5 rats
58 creatures vanquished.

Vanquished Creatures (collateral kills)
  A worm (D:2)
  An endoplasm (D:2)
  A rat (D:2)
3 creatures vanquished.

Grand Total: 61 creatures vanquished

Notes
Turn   | Place    | Note
-------+----------+-------------------------------------------
     0 | D:1      | FaviusArthum the Deep Elf Necromancer began the quest for
                  | the Orb.
     0 | D:1      | Reached XP level 1. HP: 10/10 MP: 6/6
    69 | D:1      | Reached skill level 5 in Necromancy
   201 | D:1      | Reached XP level 2. HP: 15/15 MP: 6/8
   968 | D:2      | Reached XP level 3. HP: 19/19 MP: 7/10
   969 | D:2      | Found a faded altar of an unknown god.
  1136 | D:2      | Reached skill level 6 in Necromancy
  1321 | D:2      | Learned a level 3 spell: Vampiric Draining
  1324 | D:2      | Learned a level 2 spell: Passwall
  1498 | D:2      | Reached XP level 4. HP: 24/24 MP: 6/12
  2042 | D:3      | Noticed Jessica
  2043 | D:3      | Killed Jessica
  2044 | D:3      | Reached skill level 5 in Spellcasting
  2251 | D:3      | Found the +3 greatsling "Punk" {acid, rCorr}
  2338 | D:3      | Learned a level 3 spell: Gell's Gravitas
  2343 | D:3      | Noticed Sigmund
  2353 | D:3      | Found an iron altar of Okawaru.
  2470 | D:3      | Killed Sigmund
  2471 | D:3      | Reached skill level 7 in Necromancy
  2471 | D:3      | Reached XP level 5. HP: 28/28 MP: 6/15
  2471 | D:3      | Reached XP level 6. HP: 32/32 MP: 6/17
  3098 | D:3      | Found a stormy altar of Qazlal.
  3739 | D:4      | Found a white marble altar of Elyvilon.
  3740 | D:4      | Found a bloodstained altar of Trog.
  3740 | D:4      | Found a sacrificial altar of Ru.
  3742 | D:4      | Found a sparkling altar of Nemelex Xobeh.
  3769 | D:4      | Slain by a gnoll

Illustrated notes

Levels and vault maps discovered:
D:1:      dpeg_arrival_pits, layout_loops_ring
D:2:      minmay_general_purpose_star, layout_rooms,
          dreamdust_ecumenical_altar_angels_and_demons,
          kennysheep_generic_room_16
D:3:      layout_rooms, okawaru_gym_becter, lemuel_coloured_pillars_altar,
          nicolae_qazlal_eye_of_the_storm, chequers_hall_statues_y,
          uniq_jessica, uniq_sigmund
D:4:      layout_cave_pools, grunt_temple_overflow_open, uniq_duvessa

Skill      XL: |  1  2  3  4  5  6 |
---------------+-------------------+-----
Necromancy     | 5 6 7 |  7.1
Spellcasting   | 4 6 |  6.6
Stealth        | 3 |  3.0
Dodging        | |  2.5

Action                   |  1- 3 |  4- 6 || total
-------------------------+-------+-------++-------
Melee: Staff             |       |     7 ||     7
 Cast: Necrotise         |    67 |    44 ||   111
       Vampiric Draining |       |     6 ||     6
  Use: Scroll            |       |     8 ||     8
       Potion            |       |     3 ||     3
Armor: Robe              |     2 |     9 ||    11
Dodge: Dodged            |     5 |    41 ||    46
